 Dungeon Crawl Stone Soup version 0.31-a0-1008-g5b978dac0e (webtiles) character file.

Game seed: 8219907470556350811

6029 Dirtsage the Mimic (level 10, -5/68 HPs)
             Began as an Octopode Shapeshifter on Nov 12, 2023.
             Was an Initiate of Gozag.
             Slain by a wyvern (13 damage)
             ... on level 9 of the Dungeon.
             The game lasted 00:20:00 (7651 turns).

Dirtsage the Mimic (Octopode Shapeshifter)          Turns: 7651, Time: 00:20:01

Health: -5/68      AC:  1    Str: 14    XL:     10   Next: 86%
Magic:  7/10       EV: 14    Int: 13    God:    Gozag
Gold:   1256       SH:  0    Dex: 21    Spells: 3/9 levels left

rFire   . .          .
                       - Unarmed
rCold   + . .        (no shield)
rNeg    + . .        (helmet restricted)
rPois   .            f - amulet of regeneration
rElec   .            v - +6 ring of dexterity
rCorr   .            N - ring of positive energy
SInv    .            F - ring of protection from fire
Will    .....        z - ring of ice
Stlth   +++          (no ring)
HPRegen 1.11/turn    (no ring)
MPRegen 0.12/turn    (no ring)
                     (no ring)

%: no passive effects
@: maw-form, very slightly contaminated
A: devouring maw, reduced hp, almost no armour, amphibious, 8 rings, camouflage
1, gelatinous body 1, (nimble swimmer 1), tentacles
a: Begin Untransformation, Renounce Religion, Potion Petition, Call Merchant,
Bribe Branch


You were on level 9 of the Dungeon.
You worshipped Gozag.
Gozag was most pleased with you.
You were a creature with a mouth for a stomach.
You visited 2 branches of the dungeon, and saw 10 of its levels.

You collected 1333 gold pieces.
You paid 77 gold pieces to Gozag.

Inventory:

Jewellery
 f - an amulet of regeneration (around mantle)
 m - an amulet of faith
 v - a +6 ring of dexterity (left tentacle)
 x - an amulet of guardian spirit
 z - a ring of ice (on tentacle)
 F - a ring of protection from fire (on tentacle)
 N - a ring of positive energy (right tentacle)
Talismans
 b - a beast talisman
 c - a flux talisman
 e - a maw talisman (active)
Wands
 p - a wand of iceblast (4)
Scrolls
 g - 2 scrolls of fear
 h - 2 scrolls of immolation {unknown}
 j - 3 scrolls of enchant armour
 k - 4 scrolls of fog {unknown}
 n - a scroll of brand weapon {unknown}
 o - a scroll of summoning {unknown}
 t - 3 scrolls of teleportation
 u - 2 scrolls of noise
 w - a scroll of revelation {unknown}
 B - a scroll of blinking
Potions
 a - 4 potions of lignification
 d - a potion of degeneration {unknown}
 l - a potion of ambrosia {unknown}
 q - 3 potions of curing
 r - 2 potions of mutation {unknown}
 s - 2 potions of attraction


   Skills:
 + Level 7.1 Fighting
 - Level 2.0 Dodging
 + Level 7.7 Unarmed Combat
 + Level 2.0 Conjurations
 + Level 6.7 Ice Magic
 + Level 2.0 Air Magic
 * Level 9.7 Shapeshifting


You had 3 spell levels left.
You knew the following spells:

 Your Spells              Type           Power      Damage    Failure   Level
b - Frozen Ramparts       Ice            52%        1d8       6%          3
A - Ozocubu's Armour      Ice            26%        N/A       6%          3

Your spell library contained the following spells:

 Spells                   Type           Power      Damage    Failure   Level
 Freeze                   Ice            100%       1d10      1%          1
 Magic Dart               Conj           20%        1d4       14%         1
 Hailstorm                Conj/Ice       17%        3d6       16%         3
 Searing Ray              Conj           10%        2d4       21%         2
 Necrotise                Necr           0%         1d4       30%         1
 Poisonous Vapours        Pois/Air       4%         N/A       30%         2
 Cigotuvi's Dreadful Rot  Necr/Pois/Air  2%         N/A       34%         2
 Mephitic Cloud           Conj/Pois/Air  3%         N/A       47%         3
 Stone Arrow              Conj/Erth      4%         3d7       52%         3
 Tukima's Dance           Hex            0%         N/A       67%         3
 Vampiric Draining        Necr           0%         2d6       67%         3
 Freezing Cloud           Conj/Ice/Air   7%         6-21      89%         5
 Fulminant Prism          Conj/Hex       1%         3d5       90%         4
 Iskenderun's Mystic Bla  Conj/Tloc      2%         2d3       90%         4
 Dimensional Bullseye     Hex/Tloc       0%         N/A       97%         4
 Dispel Undead            Necr           0%         3d6       97%         4
 Leda's Liquefaction      Hex/Erth       0%         N/A       97%         4
 Agony                    Necr           0%         N/A       100%        5
 Lee's Rapid Deconstruct  Erth           0%         3d4*      100%        5
 Bombard                  Conj/Erth      1%         9d1       100%        6
 Death Channel            Necr           0%         N/A       100%        6
 Malign Gateway           Summ/Tloc      0%         N/A       100%        7
 Ozocubu's Refrigeration  Ice            13%        4d10      100%        7
 Lehudib's Crystal Spear  Conj/Erth      1%         10d2      100%        8
 Summon Horrible Things   Summ           0%         N/A       100%        8
 Animate Armour           Summ/Erth      Unusable   N/A       N/A         4

Dungeon Overview and Level Annotations

Branches:
Dungeon (9/15)             Temple (1/1) D:4
   Lair: D:8-11         Orc: D:9-12

Altars:
Ashenzari
Cheibriados
Dithmenos
Elyvilon
Fedhas
Gozag
Hepliaklqana
Kikubaaqudgha
Makhleb
Nemelex Xobeh
Okawaru
Qazlal
Ru
Sif Muna
Trog
Uskayaw
Vehumet
Wu Jian
Xom
Yredelemnul
Zin
The Shining One

Shops:
D:3 *   D:4 [   D:6 *   D:9 [

Annotations:
D:5 Edmund


Innate Abilities, Weirdness & Mutations

You are a creature with a mouth for a stomach.
Your midsection houses a second, enormous mouth.
Your maximum health is decreased, since you lack skill for your form.
You cannot wear most types of armour.
You are amphibious.
You can wear up to eight rings at the same time.
Your skin changes colour to match your surroundings (Stealth+).
Your rubbery body absorbs attacks. (AC +1, EV +1)
((You are camouflaged when in or above water. (Stealth+)))
You have tentacles for arms and can constrict up to eight enemies at once.


Message History

The poisoned dart completely misses you.
Your surroundings suddenly seem different.
Found a stone staircase leading up.
You regained 2 hp, and now have 22/68 hp.
There is a stone staircase leading up here.
You start resting.
HP restored.
Health restored: 68
Found a stone staircase leading up.
A wyvern comes into view.
The wyvern hisses angrily.
The wyvern bites you!
You take 11 damage, and have 57/68 hp.
You barely miss the wyvern. You tentacle-slap the wyvern.
Your bite misses the wyvern.
The wyvern is lightly wounded.
The wyvern bites you!
You take 8 damage, and have 49/68 hp.
You tentacle-slap the wyvern.
Your tentacle-slap misses the wyvern.
You bite the wyvern.
The wyvern is moderately wounded.
The wyvern bites you.
You take 2 damage, and have 47/68 hp.
Casting: Frozen Ramparts (dangerous; 6% risk of failure)
Confirm with . or Enter, or press ? or * to list all spells.
You feel a surge of power!
You miscast Ozocubu's Armour.
You are very lightly contaminated with residual magic.
Nothing appears to happen.
The wyvern bites you! The wyvern bites you!!
* * * LOW HITPOINT WARNING * * *
You take 30 damage, and have 17/68 hp.
MASSIVE DAMAGE!!
You now have 7/10 mp.
You bludgeon the wyvern!
The wyvern is heavily wounded.
The wyvern bites you!
* * * LOW HITPOINT WARNING * * *
You take 10 damage, and have 7/68 hp.
You tentacle-slap the wyvern. Your bite misses the wyvern.
The wyvern is heavily wounded.
The wyvern bites you!
You die...
Your body crumbles into a pile of gold.

#[##.....#.....##....#
#.#.#....#...........#
.#.##....#...........###
#.###....#.....#######..
.## #....####..#........
######.#....####........
....##.#....# #........
............# #........
######......####Wl......
.................#######
.................#
.......).........#
........)..).....#
..........)).....##########
.)...##########...........#
.....# #...........# .....#
#...........#


You could see a wyvern.

Vanquished Creatures
  Amaemon (D:8)
  Pikel (D:5)
  An orange demon (D:8)
  A troll (D:6)
  Sigmund (D:5)
  3 yaks (D:5)
  Grum (D:8)
  Menkaure (D:5)
  An acid dragon (D:9)
  An orc warrior (D:7)
  2 water moccasins (D:7)
  5 black bears
  3 ice beasts
  2 wolves (D:8)
  An ogre (D:6)
  3 centaurs
  4 lemures (D:5)
  5 bullfrogs
  A scorpion (D:4)
  12 wights
  A killer bee (D:9)
  3 howler monkeys
  2 jellies
  3 hounds
  8 orc priests
  A gnoll bouda (D:7)
  3 iguanas
  3 sleepcaps
  5 orc wizards
  4 adders
  5 gnolls (D:7)
  A white imp (D:7)
  3 worms
  2 dart slugs
  31 orcs
  6 endoplasms
  4 giant cockroaches
  8 hobgoblins
  8 jackals (D:1)
  11 kobolds
  4 quokkas
  A ball python (D:2)
  6 bats
  2 frilled lizards
  15 goblins
190 creatures vanquished.

Notes
Turn   | Place    | Note
-------+----------+-------------------------------------------
     0 | D:1      | Dirtsage the Octopode Shapeshifter began the quest for the
                  | Orb.
     0 | D:1      | Reached XP level 1. HP: 13/13 MP: 1/1
   120 | D:1      | Reached XP level 2. HP: 5/18 MP: 2/2
   360 | D:1      | Reached XP level 3. HP: 20/23 MP: 3/3
  1525 | D:2      | Reached XP level 4. HP: 25/29 MP: 4/4
  1824 | D:3      | Noticed a black bear
  1835 | D:3      | Killed a black bear
  1836 | D:3      | Reached skill level 1 in Ice Magic
  1836 | D:3      | Reached skill level 4 in Shapeshifting
  1836 | D:3      | Reached XP level 5. HP: 24/35 MP: 5/5
  1988 | D:3      | Found Zin's Purification Station.
  1994 | D:3      | Found a glowing silver altar of Zin.
  2184 | D:3      | Found a faded altar of an unknown god.
  2472 | D:4      | Found a stormy altar of Qazlal.
  2539 | D:4      | Found Usol's Armour Boutique.
  2546 | D:4      | Reached XP level 6. HP: 41/41 MP: 6/6
  2870 | D:4      | Reached skill level 5 in Shapeshifting
  2874 | D:4      | Found a staircase to the Ecumenical Temple.
  2903 | Temple   | Entered the Ecumenical Temple
  2933 | Temple   | Became a worshipper of Gozag Ym Sagoz the Greedy
  3185 | D:5      | Entered Level 5 of the Dungeon
  3216 | D:5      | Reached XP level 7. HP: 30/46 MP: 7/7
  3248 | D:5      | Learned a level 3 spell: Ozocubu's Armour
  3252 | D:5      | Learned a level 3 spell: Frozen Ramparts
  3296 | D:5      | Noticed Sigmund
  3309 | D:5      | Killed Sigmund
  3343 | D:5      | Noticed Menkaure
  3347 | D:5      | Killed Menkaure
  3348 | D:5      | Reached XP level 8. HP: 32/54 MP: 8/8
  3466 | D:5      | Noticed a yak
  3480 | D:5      | Noticed a yak
  3482 | D:5      | Killed a yak
  3483 | D:5      | Reached skill level 5 in Unarmed Combat
  3483 | D:5      | Reached skill level 6 in Shapeshifting
  3491 | D:5      | Killed a yak
  3563 | D:5      | Noticed a yak
  3586 | D:5      | Killed a yak
  3970 | D:5      | Found a sparkling altar of Nemelex Xobeh.
  3970 | D:5      | Noticed Edmund
  4076 | D:5      | Noticed Pikel
  4096 | D:5      | Killed Pikel
  4097 | D:5      | Reached skill level 5 in Fighting
  4097 | D:5      | Reached skill level 7 in Shapeshifting
  4097 | D:5      | Reached XP level 9. HP: 24/61 MP: 3/9
  4453 | D:6      | Reached skill level 5 in Ice Magic
  4504 | D:6      | Noticed a troll
  4514 | D:6      | Killed a troll
  4678 | D:6      | Reached skill level 8 in Shapeshifting
  4732 | D:6      | Found Rebluvel's Fire Supplies.
  4984 | Bailey   | Identified the "Ciczyang"
  5160 | D:7      | Reached XP level 10. HP: 59/68 MP: 1/10
  5637 | D:7      | Reached skill level 9 in Shapeshifting
  6325 | D:8      | Found a hazy altar of Hepliaklqana.
  6888 | D:8      | Found a snail-covered altar of Cheibriados.
  6948 | D:8      | Noticed Grum
  6964 | D:8      | Killed Grum
  6965 | D:8      | Saving game... please wait.
  7043 | D:8      | Noticed Amaemon
  7046 | D:8      | Noticed an orange demon
  7055 | D:8      | Killed Amaemon
  7056 | D:8      | Reached skill level 1 in Conjurations
  7056 | D:8      | Reached skill level 1 in Air Magic
  7058 | D:8      | Killed an orange demon
  7232 | D:9      | Identified the +8 trident "Viahodebi" {speed, rC+ Will+
                  | Str-4 Dex+3}
  7496 | D:9      | Found Wongiah's Antique Armour Emporium.
  7651 | D:9      | Slain by a wyvern

Illustrated notes

Levels and vault maps discovered:
D:1:      wander_arrival_estate, layout_basic
D:2:      layout_loops_ring
D:3:      layout_loops_ring, zin_purify, hellmonk_ecumenical_altar_prayer_group,
          minmay_misc_feat_chi
D:4:      layout_basic, nicolae_qazlal_general_emergency,
          minmay_temple_entry_hall, serial_shops, shop
D:5:      layout_loops_ring, nicolae_overflow_hidden_temple, uniq_pikel,
          uniq_menkaure, uniq_edmund, uniq_sigmund
D:6:      layout_basic, nicolae_shop_fire_sale [nicolae_sub_dead_trees]
D:7:      layout_loops_ring, enter_bailey_3, grunt_ministairs_4
D:8:      layout_loops_corners, mainiacjoe_overflow_catch_the_wave, uniq_grum,
          uniq_amaemon
D:9:      minmay_ornate_pinched, layout_gridville, serial_shops,
          nicolae_shop_back_alley_shop
Temple:   bh_familiar_temple

Skill      XL: |  1  2  3  4  5  6  7  8  9 10 |
---------------+-------------------------------+-----
Fighting       | 2 3 5 6 7 |  7.1
Ice Magic      | 1 2 3 4 5 6 |  6.7
Shapeshifting  | 4 5 7 8 9 |  9.7
Unarmed Combat | 4 6 7 |  7.7
Conjurations   | 2 |  2.0
Air Magic      | 2 |  2.0
Dodging        | |  2.0

Action                     |  1- 3 |  4- 6 |  7- 9 | 10-12 || total
---------------------------+-------+-------+-------+-------++-------
  Melee: Unarmed           |    81 |    66 |   176 |   121 ||   444
         Constrict         |    24 |    24 |    39 |    32 ||   119
         Tentacles         |    10 |    19 |    57 |    31 ||   117
         Punch             |     3 |     2 |    16 |     5 ||    26
         Maw               |       |       |       |    25 ||    25
   Cast: Frozen Ramparts   |       |       |    10 |     6 ||    16
         Ozocubu's Armour  |       |       |     9 |     9 ||    18
  Evoke: Wand              |       |       |     1 |     5 ||     6
    Use: Scroll            |       |       |     5 |     4 ||     9
   Stab: Sleeping          |     6 |     2 |     5 |     4 ||    17
 Armour: Skin              |    35 |    27 |    88 |    70 ||   220
  Dodge: Dodged            |    41 |    28 |    84 |    78 ||   231
   Form: Maw               |       |       |       |     1 ||     1

Table legend: (Time is in decaauts)
 A = Elapsed time spent in this place.
 B = Non-inter-level travel time spent in this place.
 C = Inter-level travel time spent in this place.
 D = Time resting spent in this place.
 E = Time spent auto-exploring this place.
 F = Levels seen in this place.
 G = Mean time per level.
                   A        B        C        D        E       F      G
               +--------+--------+--------+--------+--------+-----+--------+
         Total |   7603 |   7342 |    261 |    156 |   5881 |  10 |  760.3 |
       Dungeon |   7543 |   7339 |    204 |    156 |   5881 |   9 |  838.1 |
        Temple |     59 |      2 |     57 |      0 |      0 |   1 |   59.0 |
               +--------+--------+--------+--------+--------+-----+--------+

Top non-repeatable levels by time:
     D:7: 1186 daAuts
     D:5: 1098 daAuts
     D:8: 1031 daAuts
     D:1: 970 daAuts
     D:2: 793 daAuts
     D:4: 687 daAuts
     D:3: 678 daAuts
     D:6: 668 daAuts
     D:9: 428 daAuts
  Temple: 59 daAuts
